Sabres vs Senators

Created - February 14 2007 at 18:46

Goals
1 2 3 T
Sabres 2 0 1 3
Senators 2 2 2 6
Shots
1 2 3 T
Sabres 7 8 12 27
Senators 19 10 10 39

Period #1

1. Sabres , Maxim Afinogenov 6 (Derek Roy, Teppo Numminen) at 6:02 (PK)
2. Senators , Joffrey Lupul 14 (Peter Schaefer) at 13:17 (PP)
3. Sabres , Thomas Vanek 10 (Teppo Numminen, Milan Hejduk) at 14:40
4. Senators , Jason Spezza 19 (Dany Heatley, Jay Bouwmeester) at 19:12

Penalities :
Ryan Miller (BUF) for Slashing (Minor) at 1:20 - Teppo Numminen served the penalty., Doug Weight (BUF) for High sticking (Double Minor) at 3:54, Jochen Hecht (BUF) for Roughing (Minor) at 12:39, Patrick Eaves (OTT) for Charging (Minor) at 14:55, Patrick Eaves (OTT) for Holding (Minor) at 17:56, Jason Pominville (BUF) for Delaying the game (Minor) at 17:59

Period #2

5. Senators , Jason Spezza 20 (Dany Heatley) at 9:19
6. Senators , Mike Fisher 18 (Mike Cammalleri, Chris Phillips) at 16:16 (PP)

Penalities :
Teppo Numminen (BUF) for Interference (Minor) at 0:28, Chris Phillips (OTT) for Slashing (Minor) at 5:04, Paul Gaustad (BUF) for Holding (Minor) at 8:23, Chris Phillips (OTT) for Boarding (Double Minor) at 9:17, Chris Drury (BUF) for Cross-checking (Minor) at 16:04, Joffrey Lupul (OTT) for Boarding (Minor) at 16:47

Period #3

7. Sabres , Derek Roy 16 (Nathan Horton, Danny Markov) at 7:34
8. Senators , Joffrey Lupul 15 (Brent Seabrook, Dan Boyle) at 16:27
9. Senators , Jason Spezza 21 (Jay Bouwmeester, Chris Kelly) at 18:48

Penalities :
Toni Lydman (BUF) for Charging (Minor) at 8:27, Andrej Meszaros (OTT) for Fighting (Major) at 14:23, Nathan Horton (BUF) for Fighting (Major) at 14:23

Goalie Stats

Ryan Miller (BUF), 33 saves from 39 shots - (0.846), L, 18-10-4, 58:48 minutes
Peter Budaj (BUF), 0 saves from 0 shots - (0.000), 1:12 minutes
Martin Gerber (OTT), 24 saves from 27 shots - (0.889), W, 23-8-2, 60:00 minutes

Players Stats

Sabres
Player Name              G  A  P  +/- PIM S  H  SB FO MP 
-----------------------------------------------------------
Brian Campbell           0  0  0   1  0   1  0  4  0  20 
Chris Drury              0  0  0   0  2   0  0  1  0  8  
Daniel Briere            0  0  0  -1  0   3  0  0  20 18 
Danny Markov             0  1  1  -1  0   1  1  1  0  17 
Derek Roy                1  1  2   2  0   3  0  0  20 21 
Doug Weight              0  0  0  -2  4   1  3  0  20 18 
Henrik Tallinder         0  0  0  -1  0   0  3  4  0  19 
Jason Pominville         0  0  0   1  2   2  0  0  0  15 
Jochen Hecht             0  0  0   0  2   0  0  0  1  16 
John-Michael Liles       0  0  0  -3  0   1  0  1  0  22 
Maxim Afinogenov         1  0  1   1  0   3  1  0  0  17 
Milan Hejduk             0  1  1  -3  0   6  0  0  2  19 
Nathan Horton            0  1  1   1  5   3  1  0  1  14 
Paul Gaustad             0  0  0   0  2   0  0  0  0  7  
Teppo Numminen           0  2  2   2  2   1  1  3  0  25 
Thomas Vanek             1  0  1   1  0   2  1  0  0  14 
Tim Connolly             0  0  0   0  0   0  0  0  25 14 
Toni Lydman              0  0  0   0  2   0  2  2  0  16 
Senators
Player Name              G  A  P  +/- PIM S  H  SB FO MP 
-----------------------------------------------------------
Andrej Meszaros          0  0  0   0  5   0  0  2  0  17 
Antoine Vermette         0  0  0  -2  0   3  0  0  32 16 
Anton Volchenkov         0  0  0   0  0   0  1  0  0  14 
Brent Seabrook           0  1  1   1  0   0  0  0  0  10 
Chris Kelly              0  1  1   1  0   1  3  0  14 15 
Chris Neil               0  0  0   0  0   1  1  1  0  6  
Chris Phillips           0  1  1   0  6   2  2  2  0  14 
Dan Boyle                0  1  1  -2  0   1  0  0  0  20 
Dany Heatley             0  2  2   1  0   2  0  0  9  23 
Jason Spezza             3  0  3   2  0   7  1  0  20 23 
Jay Bouwmeester          0  2  2   0  0   2  0  2  0  22 
Joe Corvo                0  0  0   0  0   0  2  1  0  9  
Joffrey Lupul            2  0  2  -2  2   8  0  0  2  22 
Mike Cammalleri          0  1  1   0  0   1  0  0  1  16 
Mike Fisher              1  0  1  -1  0   8  1  0  8  23 
Patrick Eaves            0  0  0   0  4   1  1  0  2  14 
Peter Schaefer           0  1  1   3  0   1  1  1  1  20 
Tom Preissing            0  0  0   0  0   1  0  0  0  15 

3 Stars

1 - Jason Spezza (OTT)
2 - Derek Roy (BUF)
3 - Teppo Numminen (BUF)

Power Play

Sabres - 0 on 4 Attempt(s) - 0.00%
Senators - 2 on 8 Attempt(s) - 25.00%

Penalty Kill

Sabres - 6 on 8 Attempt(s) - 75.00% - Score 1 goal in Penalty Kill
Senators - 4 on 4 Attempt(s) - 100.00% - Score 0 goal in Penalty Kill

Game Notes

Nathan Horton beats up Andrej Meszaros at 14:23 of 3rd period
Jason Spezza has scored a Hat Trick!
Peter Budaj enters game at 18:48 of 3rd period

Finance

Level 1 -- Attendance: 5983 (99.72%) -- Ticket Income $538,470.00
Level 2 -- Attendance: 5250 (100.00%) -- Ticket Income $262,500.00
Level 3 -- Attendance: 2250 (100.00%) -- Ticket Income $78,750.00
Level 4 -- Attendance: 4000 (100.00%) -- Ticket Income $80,000.00
Luxury Box -- Attendance: 948 (94.79%) -- Ticket Income $165,900.00
Game was played at the Corel Centre
Total Attendance: 18431 (99.63%)
Total Ticket Income: $1,166,982.00
Other Income: $46,686.30
Total Income: $1,213,668.00


Play by Play

Period #1

0:01 of 1st period - Doug Weight wins face-off versus Antoine Vermette in neutral zone.
0:16 of 1st period - Shot by Antoine Vermette.
0:16 of 1st period - Stopped by Ryan Miller without a rebound.
0:17 of 1st period - Jason Spezza wins face-off versus Derek Roy in Sabres zone.
0:44 of 1st period - Shot by Nathan Horton.
0:44 of 1st period - Shot Blocked by Chris Phillips.
0:45 of 1st period - Shot by Brian Campbell.
0:45 of 1st period - Shot Blocked by Andrej Meszaros.
0:48 of 1st period - Shot by Nathan Horton.
0:48 of 1st period - Stopped by Martin Gerber without a rebound.
0:49 of 1st period - Antoine Vermette wins face-off versus Doug Weight in Senators zone.
1:18 of 1st period - Shot by Antoine Vermette.
1:18 of 1st period - Stopped by Ryan Miller with a rebound.
1:19 of 1st period - Shot by Jay Bouwmeester.
1:19 of 1st period - Stopped by Ryan Miller with a rebound.
1:20 of 1st period - Shot by Jay Bouwmeester.
1:20 of 1st period - Stopped by Ryan Miller without a rebound.
1:20 of 1st period - Minor Penalty to Ryan Miller for Slashing.
1:21 of 1st period - Antoine Vermette wins face-off versus Tim Connolly in Sabres zone.
2:22 of 1st period - Shot by Jason Spezza.
2:22 of 1st period - Shot Misses the Net.
2:25 of 1st period - Shot by Jason Spezza.
2:25 of 1st period - Stopped by Ryan Miller with a rebound.
2:26 of 1st period - Shot by Jason Spezza.
2:26 of 1st period - Shot Hit the Post.
2:31 of 1st period - Shot by Joffrey Lupul.
2:31 of 1st period - Stopped by Ryan Miller without a rebound.
2:32 of 1st period - Antoine Vermette wins face-off versus Tim Connolly in Sabres zone.
2:39 of 1st period - Shot by Peter Schaefer.
2:39 of 1st period - Shot Misses the Net.
2:40 of 1st period - Shot by Chris Phillips.
2:40 of 1st period - Stopped by Ryan Miller without a rebound.
2:41 of 1st period - Derek Roy wins face-off versus Jason Spezza in Sabres zone.
2:52 of 1st period - Shot by Dan Boyle.
2:52 of 1st period - Shot Misses the Net.
3:54 of 1st period - Double Minor Penalty to Doug Weight for High sticking.
3:55 of 1st period - Antoine Vermette wins face-off versus Tim Connolly in Sabres zone.
4:03 of 1st period - Icing by Chris Phillips.
4:04 of 1st period - Tim Connolly wins face-off versus Antoine Vermette in Senators zone.
4:04 of 1st period - Henrik Tallinder is hit by Chris Phillips and loses puck.
4:16 of 1st period - Shot by Mike Cammalleri.
4:16 of 1st period - Shot Blocked by Toni Lydman.
4:21 of 1st period - Shot by Antoine Vermette.
4:21 of 1st period - Shot Blocked by Henrik Tallinder.
4:24 of 1st period - Shot by Mike Fisher.
4:24 of 1st period - Stopped by Ryan Miller without a rebound.
4:25 of 1st period - Derek Roy wins face-off versus Jason Spezza in Sabres zone.
5:14 of 1st period - Shot by Mike Fisher.
5:14 of 1st period - Stopped by Ryan Miller with a rebound.
5:17 of 1st period - Shot by Mike Fisher.
5:17 of 1st period - Stopped by Ryan Miller without a rebound.
5:18 of 1st period - Tim Connolly wins face-off versus Antoine Vermette in Sabres zone.
5:47 of 1st period - Shot by Mike Cammalleri.
5:47 of 1st period - Shot Blocked by Henrik Tallinder.
6:02 of 1st period - Shot by Maxim Afinogenov.
6:02 of 1st period - Goal by Maxim Afinogenov - Sabres : 1 - Senators : 0.
6:03 of 1st period - Jason Spezza wins face-off versus Derek Roy in neutral zone.
7:16 of 1st period - Shot by Mike Fisher.
7:16 of 1st period - Shot Misses the Net.
7:17 of 1st period - Shot by Chris Phillips.
7:17 of 1st period - Stopped by Ryan Miller without a rebound.
7:18 of 1st period - Antoine Vermette wins face-off versus Tim Connolly in Sabres zone.
8:03 of 1st period - Shot by Chris Kelly.
8:03 of 1st period - Shot Misses the Net.
8:04 of 1st period - Shot by Tom Preissing.
8:04 of 1st period - Stopped by Ryan Miller without a rebound.
8:05 of 1st period - Doug Weight wins face-off versus Chris Kelly in Sabres zone.
9:16 of 1st period - Shot by Dany Heatley.
9:16 of 1st period - Shot Blocked by Brian Campbell.
9:24 of 1st period - Off-side.
9:25 of 1st period - Antoine Vermette wins face-off versus Daniel Briere in neutral zone.
9:53 of 1st period - Icing by Henrik Tallinder.
9:54 of 1st period - Chris Kelly wins face-off versus Daniel Briere in Sabres zone.
9:56 of 1st period - Patrick Eaves is hit by Henrik Tallinder and loses puck.
10:43 of 1st period - Doug Weight is hit by Chris Phillips and loses puck.
11:19 of 1st period - Shot by Nathan Horton.
11:19 of 1st period - Shot Misses the Net.
12:39 of 1st period - Minor Penalty to Jochen Hecht for Roughing.
12:40 of 1st period - Antoine Vermette wins face-off versus Tim Connolly in Sabres zone.
13:07 of 1st period - Shot by Mike Fisher.
13:07 of 1st period - Stopped by Ryan Miller without a rebound.
13:08 of 1st period - Peter Schaefer wins face-off versus Derek Roy in Sabres zone.
13:17 of 1st period - Shot by Joffrey Lupul.
13:17 of 1st period - Goal by Joffrey Lupul - Sabres : 1 - Senators : 1.
13:18 of 1st period - Tim Connolly wins face-off versus Chris Kelly in neutral zone.
13:36 of 1st period - Paul Gaustad is hit by Chris Kelly and loses puck.
13:48 of 1st period - Shot by Chris Kelly.
13:48 of 1st period - Stopped by Ryan Miller without a rebound.
13:49 of 1st period - Jason Spezza wins face-off versus Derek Roy in Sabres zone.
13:49 of 1st period - Dany Heatley is hit by Nathan Horton and loses puck.
13:59 of 1st period - Shot by Nathan Horton.
13:59 of 1st period - Shot Blocked by Chris Neil.
14:00 of 1st period - Shot by Danny Markov.
14:00 of 1st period - Shot Blocked by Joe Corvo.
14:01 of 1st period - Shot by Derek Roy.
14:01 of 1st period - Shot Misses the Net.
14:04 of 1st period - Shot by Nathan Horton.
14:04 of 1st period - Stopped by Martin Gerber with a rebound.
14:05 of 1st period - Shot by Brian Campbell.
14:05 of 1st period - Stopped by Martin Gerber without a rebound.
14:06 of 1st period - Doug Weight wins face-off versus Antoine Vermette in Senators zone.
14:11 of 1st period - Shot by Milan Hejduk.
14:11 of 1st period - Stopped by Martin Gerber without a rebound.
14:12 of 1st period - Antoine Vermette wins face-off versus Daniel Briere in Senators zone.
14:14 of 1st period - Mike Fisher is hit by Toni Lydman and loses puck.
14:19 of 1st period - Icing by Jay Bouwmeester.
14:20 of 1st period - Doug Weight wins face-off versus Antoine Vermette in Senators zone.
14:37 of 1st period - Shot by Milan Hejduk.
14:37 of 1st period - Shot Misses the Net.
14:40 of 1st period - Shot by Thomas Vanek.
14:40 of 1st period - Goal by Thomas Vanek - Sabres : 2 - Senators : 1.
14:41 of 1st period - Chris Kelly wins face-off versus Daniel Briere in neutral zone.
14:55 of 1st period - Minor Penalty to Patrick Eaves for Charging.
14:56 of 1st period - Dany Heatley wins face-off versus Daniel Briere in Senators zone.
15:46 of 1st period - Off-side.
15:47 of 1st period - Dany Heatley wins face-off versus Derek Roy in neutral zone.
17:05 of 1st period - Patrick Eaves is hit by Maxim Afinogenov and loses puck.
17:24 of 1st period - Icing by Anton Volchenkov.
17:25 of 1st period - Chris Kelly wins face-off versus Tim Connolly in Senators zone.
17:51 of 1st period - John-Michael Liles is hit by Patrick Eaves and loses puck.
17:56 of 1st period - Minor Penalty to Patrick Eaves for Holding.
17:57 of 1st period - Dany Heatley wins face-off versus Milan Hejduk in neutral zone.
17:59 of 1st period - Minor Penalty to Jason Pominville for Delaying the game.
18:00 of 1st period - Doug Weight wins face-off versus Joffrey Lupul in neutral zone.
18:07 of 1st period - Shot by Milan Hejduk.
18:07 of 1st period - Stopped by Martin Gerber without a rebound.
18:08 of 1st period - Mike Fisher wins face-off versus Daniel Briere in Senators zone.
18:29 of 1st period - Shot by Mike Fisher.
18:29 of 1st period - Shot Misses the Net.
18:32 of 1st period - Shot by Mike Cammalleri.
18:32 of 1st period - Stopped by Ryan Miller with a rebound.
18:37 of 1st period - Shot by Joffrey Lupul.
18:37 of 1st period - Shot Blocked by Henrik Tallinder.
18:42 of 1st period - Shot by Joffrey Lupul.
18:42 of 1st period - Stopped by Ryan Miller without a rebound.
18:43 of 1st period - Doug Weight wins face-off versus Dany Heatley in Sabres zone.
19:12 of 1st period - Shot by Jason Spezza.
19:12 of 1st period - Goal by Jason Spezza - Sabres : 2 - Senators : 2.
19:13 of 1st period - Nathan Horton wins face-off versus Mike Fisher in neutral zone.
19:22 of 1st period - Shot by Nathan Horton.
19:22 of 1st period - Shot Hit the Post.
19:31 of 1st period - Shot by Joffrey Lupul.
19:31 of 1st period - Stopped by Ryan Miller with a rebound.

Period #2

0:01 of 2nd period - Antoine Vermette wins face-off versus Doug Weight in neutral zone.
0:14 of 2nd period - Shot by Joffrey Lupul.
0:14 of 2nd period - Stopped by Ryan Miller with a rebound.
0:28 of 2nd period - Minor Penalty to Teppo Numminen for Interference.
0:29 of 2nd period - Antoine Vermette wins face-off versus Tim Connolly in Sabres zone.
0:42 of 2nd period - Shot by Antoine Vermette.
0:42 of 2nd period - Stopped by Ryan Miller without a rebound.
0:43 of 2nd period - Jason Spezza wins face-off versus Tim Connolly in Sabres zone.
2:22 of 2nd period - Shot by Mike Fisher.
2:22 of 2nd period - Stopped by Ryan Miller with a rebound.
2:53 of 2nd period - Shot by Chris Drury.
2:53 of 2nd period - Shot Misses the Net.
3:08 of 2nd period - Shot by Patrick Eaves.
3:08 of 2nd period - Shot Misses the Net.
3:13 of 2nd period - Shot by Patrick Eaves.
3:13 of 2nd period - Shot Misses the Net.
3:15 of 2nd period - Icing by Brian Campbell.
3:16 of 2nd period - Tim Connolly wins face-off versus Jason Spezza in Sabres zone.
3:26 of 2nd period - Icing by Andrej Meszaros.
3:27 of 2nd period - Jason Spezza wins face-off versus Daniel Briere in Senators zone.
3:43 of 2nd period - Icing by Henrik Tallinder.
3:44 of 2nd period - Antoine Vermette wins face-off versus Daniel Briere in Sabres zone.
3:44 of 2nd period - Joffrey Lupul is hit by Henrik Tallinder and loses puck.
3:56 of 2nd period - Shot by Daniel Briere.
3:56 of 2nd period - Stopped by Martin Gerber without a rebound.
3:57 of 2nd period - Chris Kelly wins face-off versus Doug Weight in Senators zone.
3:59 of 2nd period - Tom Preissing is hit by Doug Weight and loses puck.
4:16 of 2nd period - Peter Schaefer is hit by Thomas Vanek and loses puck.
4:19 of 2nd period - Icing by John-Michael Liles.
4:20 of 2nd period - Doug Weight wins face-off versus Antoine Vermette in Sabres zone.
4:35 of 2nd period - Shot by Milan Hejduk.
4:35 of 2nd period - Shot Misses the Net.
4:36 of 2nd period - Shot by John-Michael Liles.
4:36 of 2nd period - Shot Misses the Net.
4:37 of 2nd period - Shot by Teppo Numminen.
4:37 of 2nd period - Stopped by Martin Gerber with a rebound.
4:48 of 2nd period - Shot by Joffrey Lupul.
4:48 of 2nd period - Stopped by Ryan Miller without a rebound.
4:49 of 2nd period - Derek Roy wins face-off versus Jason Spezza in Sabres zone.
5:04 of 2nd period - Shot by Jason Pominville.
5:04 of 2nd period - Stopped by Martin Gerber with a rebound.
5:04 of 2nd period - Minor Penalty to Chris Phillips for Slashing.
5:05 of 2nd period - Daniel Briere wins face-off versus Mike Fisher in Senators zone.
6:08 of 2nd period - Shot by Nathan Horton.
6:08 of 2nd period - Shot Misses the Net.
6:11 of 2nd period - Shot by Nathan Horton.
6:11 of 2nd period - Shot Misses the Net.
7:49 of 2nd period - Off-side.
7:50 of 2nd period - Jason Spezza wins face-off versus Doug Weight in neutral zone.
7:53 of 2nd period - Shot by Jason Spezza.
7:53 of 2nd period - Shot Misses the Net.
7:54 of 2nd period - Shot by Joe Corvo.
7:54 of 2nd period - Shot Misses the Net.
7:55 of 2nd period - Shot by Dany Heatley.
7:55 of 2nd period - Stopped by Ryan Miller with a rebound.
7:56 of 2nd period - Shot by Brent Seabrook.
7:56 of 2nd period - Shot Misses the Net.
7:59 of 2nd period - Shot by Chris Neil.
7:59 of 2nd period - Stopped by Ryan Miller without a rebound.
8:00 of 2nd period - Antoine Vermette wins face-off versus Tim Connolly in Sabres zone.
8:09 of 2nd period - Shot by Mike Fisher.
8:09 of 2nd period - Shot Misses the Net.
8:23 of 2nd period - Minor Penalty to Paul Gaustad for Holding.
8:24 of 2nd period - Antoine Vermette wins face-off versus Derek Roy in Sabres zone.
8:40 of 2nd period - Off-side.
8:41 of 2nd period - Tim Connolly wins face-off versus Jason Spezza in neutral zone.
8:58 of 2nd period - Shot by Dany Heatley.
8:58 of 2nd period - Stopped by Ryan Miller without a rebound.
8:59 of 2nd period - Mike Cammalleri wins face-off versus Tim Connolly in Sabres zone.
9:17 of 2nd period - Double Minor Penalty to Chris Phillips for Boarding.
9:18 of 2nd period - Dany Heatley wins face-off versus Doug Weight in Sabres zone.
9:19 of 2nd period - Shot by Jason Spezza.
9:19 of 2nd period - Goal by Jason Spezza - Sabres : 2 - Senators : 3.
9:20 of 2nd period - Doug Weight wins face-off versus Dany Heatley in neutral zone.
9:27 of 2nd period - Shot by Doug Weight.
9:27 of 2nd period - Stopped by Martin Gerber without a rebound.
9:28 of 2nd period - Dany Heatley wins face-off versus Doug Weight in Senators zone.
9:41 of 2nd period - Shot by Dany Heatley.
9:41 of 2nd period - Stopped by Ryan Miller without a rebound.
9:42 of 2nd period - Daniel Briere wins face-off versus Mike Fisher in Sabres zone.
10:25 of 2nd period - Shot by Mike Fisher.
10:25 of 2nd period - Shot Misses the Net.
11:02 of 2nd period - Shot by Nathan Horton.
11:02 of 2nd period - Stopped by Martin Gerber with a rebound.
11:05 of 2nd period - Shot by Nathan Horton.
11:05 of 2nd period - Shot Misses the Net.
13:41 of 2nd period - Daniel Briere is hit by Chris Kelly and loses puck.
14:11 of 2nd period - Shot by Maxim Afinogenov.
14:11 of 2nd period - Stopped by Martin Gerber without a rebound.
14:12 of 2nd period - Jason Spezza wins face-off versus Derek Roy in Senators zone.
15:14 of 2nd period - Off-side.
15:15 of 2nd period - Daniel Briere wins face-off versus Chris Kelly in neutral zone.
15:28 of 2nd period - Shot by Peter Schaefer.
15:28 of 2nd period - Shot Misses the Net.
16:03 of 2nd period - Shot by Milan Hejduk.
16:03 of 2nd period - Stopped by Martin Gerber without a rebound.
16:04 of 2nd period - Antoine Vermette wins face-off versus Tim Connolly in Senators zone.
16:04 of 2nd period - Minor Penalty to Chris Drury for Cross-checking.
16:05 of 2nd period - Antoine Vermette wins face-off versus Derek Roy in Senators zone.
16:12 of 2nd period - Shot by Mike Fisher.
16:12 of 2nd period - Shot Blocked by Teppo Numminen.
16:13 of 2nd period - Shot by Chris Phillips.
16:13 of 2nd period - Shot Misses the Net.
16:16 of 2nd period - Shot by Mike Cammalleri.
16:16 of 2nd period - Goal by Mike Fisher - Sabres : 2 - Senators : 4.
16:17 of 2nd period - Derek Roy wins face-off versus Jason Spezza in neutral zone.
16:28 of 2nd period - Shot by Jason Spezza.
16:28 of 2nd period - Shot Blocked by Danny Markov.
16:46 of 2nd period - Derek Roy is hit by Joe Corvo and loses puck.
16:47 of 2nd period - Minor Penalty to Joffrey Lupul for Boarding.
16:48 of 2nd period - Milan Hejduk wins face-off versus Mike Fisher in Senators zone.
17:14 of 2nd period - Icing by John-Michael Liles.
17:15 of 2nd period - Mike Fisher wins face-off versus Daniel Briere in Sabres zone.
17:58 of 2nd period - Shot by Jason Pominville.
17:58 of 2nd period - Stopped by Martin Gerber without a rebound.
17:59 of 2nd period - Dany Heatley wins face-off versus Doug Weight in Senators zone.
18:27 of 2nd period - Icing by Nathan Horton.
18:28 of 2nd period - Dany Heatley wins face-off versus Doug Weight in Sabres zone.
19:16 of 2nd period - Daniel Briere is hit by Peter Schaefer and loses puck.
19:31 of 2nd period - Icing by Tom Preissing.
19:32 of 2nd period - Tim Connolly wins face-off versus Chris Kelly in Senators zone.

Period #3

0:01 of 3rd period - Antoine Vermette wins face-off versus Doug Weight in neutral zone.
0:30 of 3rd period - Shot by Milan Hejduk.
0:30 of 3rd period - Stopped by Martin Gerber with a rebound.
0:31 of 3rd period - Shot by Milan Hejduk.
0:31 of 3rd period - Shot Blocked by Jay Bouwmeester.
0:36 of 3rd period - Shot by Doug Weight.
0:36 of 3rd period - Stopped by Martin Gerber without a rebound.
0:37 of 3rd period - Jason Spezza wins face-off versus Derek Roy in Senators zone.
1:00 of 3rd period - Shot by Jason Spezza.
1:00 of 3rd period - Shot Blocked by Brian Campbell.
1:01 of 3rd period - Shot by Jason Spezza.
1:01 of 3rd period - Shot Blocked by Brian Campbell.
1:04 of 3rd period - Shot by Dany Heatley.
1:04 of 3rd period - Shot Misses the Net.
1:07 of 3rd period - Shot by Jason Spezza.
1:07 of 3rd period - Shot Misses the Net.
1:10 of 3rd period - Shot by Dany Heatley.
1:10 of 3rd period - Shot Blocked by Brian Campbell.
1:13 of 3rd period - Shot by Jason Spezza.
1:13 of 3rd period - Stopped by Ryan Miller without a rebound.
1:14 of 3rd period - Chris Kelly wins face-off versus Jochen Hecht in Sabres zone.
1:15 of 3rd period - Shot by Peter Schaefer.
1:15 of 3rd period - Stopped by Ryan Miller without a rebound.
1:16 of 3rd period - Daniel Briere wins face-off versus Chris Kelly in Sabres zone.
2:08 of 3rd period - Peter Schaefer is hit by Doug Weight and loses puck.
2:18 of 3rd period - Shot by John-Michael Liles.
2:18 of 3rd period - Shot Blocked by Jay Bouwmeester.
2:23 of 3rd period - Shot by Antoine Vermette.
2:23 of 3rd period - Shot Misses the Net.
2:24 of 3rd period - Shot by Jay Bouwmeester.
2:24 of 3rd period - Shot Misses the Net.
2:25 of 3rd period - Shot by Jay Bouwmeester.
2:25 of 3rd period - Shot Misses the Net.
2:26 of 3rd period - Shot by Jay Bouwmeester.
2:26 of 3rd period - Shot Blocked by Teppo Numminen.
2:43 of 3rd period - Shot by Milan Hejduk.
2:43 of 3rd period - Stopped by Martin Gerber without a rebound.
2:44 of 3rd period - Derek Roy wins face-off versus Jason Spezza in Senators zone.
3:03 of 3rd period - Shot by Jason Pominville.
3:03 of 3rd period - Shot Misses the Net.
3:04 of 3rd period - Shot by Jason Pominville.
3:04 of 3rd period - Shot Blocked by Andrej Meszaros.
3:07 of 3rd period - Shot by Nathan Horton.
3:07 of 3rd period - Shot Misses the Net.
3:08 of 3rd period - Shot by Danny Markov.
3:08 of 3rd period - Stopped by Martin Gerber without a rebound.
3:09 of 3rd period - Tim Connolly wins face-off versus Jason Spezza in Senators zone.
3:26 of 3rd period - Shot by Jason Spezza.
3:26 of 3rd period - Shot Misses the Net.
3:40 of 3rd period - Paul Gaustad is hit by Joe Corvo and loses puck.
3:45 of 3rd period - Icing by Joe Corvo.
3:46 of 3rd period - Jason Spezza wins face-off versus Daniel Briere in Senators zone.
4:09 of 3rd period - Shot by Antoine Vermette.
4:09 of 3rd period - Stopped by Ryan Miller without a rebound.
4:10 of 3rd period - Derek Roy wins face-off versus Patrick Eaves in Sabres zone.
4:48 of 3rd period - Off-side.
4:49 of 3rd period - Antoine Vermette wins face-off versus Daniel Briere in neutral zone.
5:02 of 3rd period - Shot by Antoine Vermette.
5:02 of 3rd period - Shot Misses the Net.
5:14 of 3rd period - Joffrey Lupul is hit by Toni Lydman and loses puck.
5:46 of 3rd period - Shot by Mike Cammalleri.
5:46 of 3rd period - Shot Misses the Net.
5:51 of 3rd period - Shot by Dany Heatley.
5:51 of 3rd period - Shot Blocked by Henrik Tallinder.
5:52 of 3rd period - Shot by Andrej Meszaros.
5:52 of 3rd period - Shot Hit the Post.
5:53 of 3rd period - Shot by Andrej Meszaros.
5:53 of 3rd period - Shot Blocked by Toni Lydman.
6:35 of 3rd period - Thomas Vanek is hit by Anton Volchenkov and loses puck.
6:50 of 3rd period - Icing by Tom Preissing.
6:51 of 3rd period - Chris Kelly wins face-off versus Derek Roy in Senators zone.
7:01 of 3rd period - Nathan Horton is hit by Chris Kelly and loses puck.
7:07 of 3rd period - Shot by Jason Pominville.
7:07 of 3rd period - Stopped by Martin Gerber without a rebound.
7:08 of 3rd period - Tim Connolly wins face-off versus Antoine Vermette in Senators zone.
7:18 of 3rd period - Icing by Dan Boyle.
7:19 of 3rd period - Antoine Vermette wins face-off versus Derek Roy in Senators zone.
7:19 of 3rd period - Joffrey Lupul is hit by Danny Markov and loses puck.
7:31 of 3rd period - Shot by Derek Roy.
7:31 of 3rd period - Stopped by Martin Gerber with a rebound.
7:34 of 3rd period - Shot by Nathan Horton.
7:34 of 3rd period - Goal by Derek Roy - Sabres : 3 - Senators : 4.
7:35 of 3rd period - Tim Connolly wins face-off versus Jason Spezza in neutral zone.
7:43 of 3rd period - Tim Connolly is hit by Chris Neil and loses puck.
8:02 of 3rd period - Chris Drury is hit by Jason Spezza and loses puck.
8:11 of 3rd period - Icing by Chris Neil.
8:12 of 3rd period - Jason Spezza wins face-off versus Daniel Briere in Senators zone.
8:22 of 3rd period - Icing by Maxim Afinogenov.
8:23 of 3rd period - Daniel Briere wins face-off versus Antoine Vermette in Sabres zone.
8:27 of 3rd period - Minor Penalty to Toni Lydman for Charging.
8:28 of 3rd period - Derek Roy wins face-off versus Antoine Vermette in Senators zone.
9:49 of 3rd period - Shot by Dany Heatley.
9:49 of 3rd period - Shot Blocked by Chris Drury.
9:50 of 3rd period - Shot by Dan Boyle.
9:50 of 3rd period - Stopped by Ryan Miller without a rebound.
9:51 of 3rd period - Tim Connolly wins face-off versus Antoine Vermette in Sabres zone.
10:11 of 3rd period - Off-side.
10:12 of 3rd period - Joffrey Lupul wins face-off versus Derek Roy in neutral zone.
10:30 of 3rd period - Peter Schaefer is hit by Doug Weight and loses puck.
10:38 of 3rd period - Shot by Patrick Eaves.
10:38 of 3rd period - Shot Blocked by John-Michael Liles.
12:17 of 3rd period - Shot by Maxim Afinogenov.
12:17 of 3rd period - Stopped by Martin Gerber without a rebound.
12:18 of 3rd period - Antoine Vermette wins face-off versus Tim Connolly in Senators zone.
12:22 of 3rd period - Off-side.
12:23 of 3rd period - Doug Weight wins face-off versus Antoine Vermette in neutral zone.
12:45 of 3rd period - Icing by John-Michael Liles.
12:46 of 3rd period - Doug Weight wins face-off versus Patrick Eaves in Sabres zone.
13:08 of 3rd period - Patrick Eaves is hit by Teppo Numminen and loses puck.
13:24 of 3rd period - Shot by Patrick Eaves.
13:24 of 3rd period - Stopped by Ryan Miller without a rebound.
13:25 of 3rd period - Antoine Vermette wins face-off versus Derek Roy in Sabres zone.
13:32 of 3rd period - Shot by Mike Fisher.
13:32 of 3rd period - Stopped by Ryan Miller without a rebound.
13:33 of 3rd period - Daniel Briere wins face-off versus Jason Spezza in Sabres zone.
13:48 of 3rd period - Shot by Jochen Hecht.
13:48 of 3rd period - Shot Misses the Net.
13:56 of 3rd period - Mike Cammalleri is hit by Henrik Tallinder and loses puck.
14:04 of 3rd period - Shot by Daniel Briere.
14:04 of 3rd period - Stopped by Martin Gerber with a rebound.
14:07 of 3rd period - Shot by Jochen Hecht.
14:07 of 3rd period - Shot Blocked by Chris Phillips.
14:23 of 3rd period - Nathan Horton beats up Andrej Meszaros.
14:23 of 3rd period - Penalty to Andrej Meszaros for Fighting.
14:23 of 3rd period - Penalty to Nathan Horton for Fighting.
14:24 of 3rd period - Doug Weight wins face-off versus Mike Fisher in Senators zone.
14:41 of 3rd period - Shot by Milan Hejduk.
14:41 of 3rd period - Shot Misses the Net.
14:47 of 3rd period - Icing by Mike Cammalleri.
14:48 of 3rd period - Daniel Briere wins face-off versus Mike Fisher in Senators zone.
14:48 of 3rd period - Derek Roy is hit by Mike Fisher and loses puck.
14:56 of 3rd period - Shot by Mike Fisher.
14:56 of 3rd period - Shot Blocked by Teppo Numminen.
15:13 of 3rd period - Shot by Jason Pominville.
15:13 of 3rd period - Shot Misses the Net.
16:12 of 3rd period - Shot by Joffrey Lupul.
16:12 of 3rd period - Shot Misses the Net.
16:19 of 3rd period - Shot by Joffrey Lupul.
16:19 of 3rd period - Stopped by Ryan Miller with a rebound.
16:22 of 3rd period - Shot by Mike Fisher.
16:22 of 3rd period - Shot Misses the Net.
16:27 of 3rd period - Shot by Joffrey Lupul.
16:27 of 3rd period - Goal by Joffrey Lupul - Sabres : 3 - Senators : 5.
16:28 of 3rd period - Chris Kelly wins face-off versus Tim Connolly in neutral zone.
17:27 of 3rd period - Shot by Daniel Briere.
17:27 of 3rd period - Stopped by Martin Gerber with a rebound.
17:28 of 3rd period - Shot by Jason Pominville.
17:28 of 3rd period - Shot Misses the Net.
17:29 of 3rd period - Shot by Jason Pominville.
17:29 of 3rd period - Shot Blocked by Peter Schaefer.
17:58 of 3rd period - Shot by Milan Hejduk.
17:58 of 3rd period - Shot Misses the Net.
17:59 of 3rd period - Shot by John-Michael Liles.
17:59 of 3rd period - Stopped by Martin Gerber with a rebound.
18:02 of 3rd period - Shot by Milan Hejduk.
18:02 of 3rd period - Stopped by Martin Gerber without a rebound.
18:03 of 3rd period - Chris Kelly wins face-off versus Tim Connolly in Senators zone.
18:12 of 3rd period - Shot by Jason Spezza.
18:12 of 3rd period - Stopped by Ryan Miller with a rebound.
18:26 of 3rd period - Icing by Tim Connolly.
18:27 of 3rd period - Tim Connolly wins face-off versus Chris Kelly in Sabres zone.
18:48 of 3rd period - Shot by Jason Spezza.
18:48 of 3rd period - Goal by Jason Spezza - Sabres : 3 - Senators : 6.
18:48 of 3rd period - Peter Budaj enters game.
18:49 of 3rd period - Antoine Vermette wins face-off versus Daniel Briere in neutral zone.


Output by the SimonT Hockey Simulator (STHS) for Stephane Roy -- Original Page W3C XHTML 1.0 Valid